 Dungeon Crawl Stone Soup version 0.29-a0-341-g24ffce5b50 (webtiles) character file.

Game seed: 8257251550342547564

64899 spaghetti the Fetichist (level 14, -1/118 HPs)
             Began as a Deep Dwarf Necromancer on Apr 20, 2022.
             Was the Champion of Hepliaklqana.
             Slain by a death knight
             ... wielding a +0 great sword
              (28 damage)
             ... on level 15 of the Dungeon.
             The game lasted 01:09:22 (16314 turns).

spaghetti the Fetichist (Deep Dwarf Necromancer)   Turns: 16314, Time: 01:09:23

Health: -1/118     AC: 17    Str: 18    XL:     14   Next: 73%
Magic:  7/24       EV: 20    Int: 25    God:    Hepliaklqana [******]
Gold:   1323       SH:  0    Dex: 20    Spells: 8/28 levels left

rFire   + . .      SeeInvis .   t - +1 hand crossbow (vorpal) {crossbow}
rCold   . . .      Faith    .   x - orb {*channel}
rNeg    + + .      Spirit   .   o - +0 robe
rPois   +          Reflect  .   c - +0 hat of Joomn {rCorr Str+2}
rElec   .          Harm     .   s - +2 cloak
rCorr   +          Rampage  .   V - +2 pair of gloves
Will    ++...                   U - +2 pair of boots
Stlth   +++.......              A - amulet of the Queen {RegenMP Fly rF+ Dex+4 Stlth+}
HPRegen 0.00/turn               h - +4 ring of protection
MPRegen 0.59/turn               C - ring of Wonder {rPois rN+ Str+4 Int+4 Dex+3}

@: flying
A: reduced essence, damage resistance, heal wounds, negative energy resistance
1, sense surroundings 2, no regeneration, antennae 1, poison resistance
a: Heal Wounds, Renounce Religion, Recall Ancestor, Ancestor Identity,
Transference, Idealise


You were on level 15 of the Dungeon.
You worshipped Hepliaklqana.
Hepliaklqana was exalted by your worship.
You visited 2 branches of the dungeon, and saw 19 of its levels.
You also visited: Volcano.

You collected 1323 gold pieces.


Innate Abilities, Weirdness & Mutations

Your life essence is reduced to manifest your ancestor. (-10% HP)
You are resistant to damage.
You can heal yourself by infusing magical energy.
You resist negative energy. (rN+)
You passively map the area around you.
You do not regenerate.
You have a pair of small antennae on your head.
Your system is resistant to poisons. (rPois)


   Skills:
 * Level 10.1 Fighting
 * Level 12.2 Armour
 * Level 10.9 Dodging
 - Level 2.4 Stealth
 + Level 7.7 Spellcasting
 + Level 10.0 Necromancy
 * Level 1.8 Transmutations
 - Level 10.0 Invocations
 - Level 20.0 Evocations


You had 8 spell levels left.
You knew the following spells:

 Your Spells              Type           Power      Damage    Failure   Level
a - Pain                  Necr           100%       1d9       1%          1
b - Vampiric Draining     Necr           56%        2d10      1%          3
c - Animate Dead          Necr           28%        N/A       1%          4
d - Death Channel         Necr           28%        N/A       16%         6
e - Dispel Undead         Necr           56%        3d20      1%          4
z - Wereblood             Tmut           18%        N/A       4%          2

Your spell library contained the following spells:

 Spells                   Type           Power      Damage    Failure   Level
 Animate Skeleton         Necr           100%       N/A       1%          1
 Corpse Rot               Necr/Air       68%        N/A       1%          2
 Agony                    Necr           56%        N/A       2%          5
 Beastly Appendage        Tmut           36%        N/A       3%          1
 Apportation              Tloc           18%        N/A       6%          1
 Magic Dart               Conj           36%        1d4       6%          1
 Sandblast                Erth           18%        2d7       6%          1
 Summon Small Mammal      Summ           36%        N/A       6%          1
 Passwall                 Tmut/Erth      11%        N/A       6%          2
 Blink                    Tloc           18%        N/A       10%         2
 Call Imp                 Summ           9%         N/A       10%         2
 Spider Form              Tmut/Pois      14%        N/A       13%         3
 Dazzling Flash           Conj/Hex       18%        N/A       19%         3
 Frozen Ramparts          Ice            18%        1d3       19%         3
 Lesser Beckoning         Tloc           9%         N/A       19%         3
 Mephitic Cloud           Conj/Pois/Air  9%         N/A       19%         3
 Ozocubu's Armour         Ice            9%         N/A       19%         3
 Stone Arrow              Conj/Erth      18%        3d8       19%         3
 Airstrike                Air            4%         N/A       52%         4
 Animate Armour           Summ/Erth      18%        N/A       52%         4
 Iskenderun's Mystic Bla  Conj/Tloc      9%         2d4       52%         4
 Summon Lightning Spire   Summ/Air       9%         N/A       52%         4
 Simulacrum               Ice/Necr       17%        N/A       77%         6
 Fireball                 Conj/Fire      4%         3d4       86%         5
 Iskenderun's Battlesphe  Conj           9%         2d6       86%         5
 Lightning Bolt           Conj/Air       4%         1d16      86%         5
 Manifold Assault         Tloc           9%         N/A       86%         5
 Iron Shot                Conj/Erth      4%         9d2       100%        6
 Starburst                Conj/Fire      4%         6d4       100%        6
 Ozocubu's Refrigeration  Ice            4%         4d5       100%        7
 Spellforged Servitor     Conj/Summ      4%         N/A       100%        7
 Ignition                 Fire           4%         3d4       100%        8
 Lehudib's Crystal Spear  Conj/Erth      4%         10d3      100%        8
 Maxwell's Capacitive Co  Air            4%         ∞         100%        8

Inventory:

Hand Weapons
 t - a +1 vorpal hand crossbow (weapon) {crossbow}
   (You found it on level 2 of the Dungeon)
Missiles
 j - 3 throwing nets {=f!fthrowing}
 l - 385 stones {throwing}
 m - a boomerang {throwing}
 K - 26 poisoned darts {throwing}
 Q - 5 datura-tipped darts {throwing}
 R - 5 curare-tipped darts {=fthrowing}
 Z - 11 javelins {throwing}
Armour
 c - the +0 hat of Joomn (worn) {rCorr Str+2}
   (You acquired it on level 10 of the Dungeon)

   Str:       It affects your strength (+2).
   rCorr:     It protects you from acid and corrosion.
 o - a +0 robe (worn)
 s - a +2 cloak (worn)
   (You found it on level 2 of the Dungeon)
 x - an orb of energy (worn)
   (You found it on level 2 of the Dungeon)
 U - a +2 pair of boots (worn)
   (You found it on level 8 of the Dungeon)
 V - a +2 pair of gloves (worn)
   (You found it on level 4 of the Lair of Beasts)
Jewellery
 f - a +4 ring of evasion
   (You found it on level 6 of the Dungeon)
 h - a +4 ring of protection (left hand)
   (You found it on level 1 of the Dungeon)
 z - a +4 ring of evasion
   (You found it on level 2 of the Dungeon)
 A - the amulet of the Queen (around neck) {RegenMP Fly rF+ Dex+4 Stlth+}
   (You found it on level 10 of the Dungeon)

   [amulet of magic regeneration]

   It increases your rate of magic regeneration.
   Dex:       It affects your dexterity (+4).
   rF:        It protects you from fire.
   Fly:       It grants you flight.
   Stlth:     It makes you more stealthy.
 C - the ring of Wonder (right hand) {rPois rN+ Str+4 Int+4 Dex+3}
   (You found it on level 3 of the Dungeon)

   [ring of positive energy]

   Str:       It affects your strength (+4).
   Int:       It affects your intelligence (+4).
   Dex:       It affects your dexterity (+3).
   rPois:     It protects you from poison.
   rN:        It protects you from negative energy.
 M - a ring of willpower
   (You found it on level 10 of the Dungeon)
 T - the ring "Pukhaut" {Str+6 Dex-2 Slay+3 SInv}
   (You found it on level 6 of the Lair of Beasts)

   [ring of strength]

   Str:       It affects your strength (+6).
   Dex:       It affects your dexterity (-2).
   Slay:      It affects your accuracy & damage with ranged weapons and melee
   (+3).
   SInv:      It lets you see invisible.
 Y - a ring of see invisible
   (You found it on level 9 of the Dungeon)
Wands
 F - a wand of iceblast (15)
   (You found it on level 5 of the Dungeon)
 H - a wand of acid (15)
   (You found it on level 5 of the Dungeon)
 J - a wand of flame (16)
   (You found it on level 8 of the Dungeon)
 P - a wand of polymorph (11)
   (You found it on level 4 of the Lair of Beasts)
 S - a wand of mindburst (8)
   (You found it on level 6 of the Lair of Beasts)
 W - a wand of charming (5)
   (You found it on level 8 of the Dungeon)
Scrolls
 d - 2 scrolls of amnesia
 i - 3 scrolls of magic mapping {!r}
 n - 4 scrolls of identify {@r1}
 q - 6 scrolls of noise {!r}
 r - 2 scrolls of enchant armour
 w - 11 scrolls of teleportation {@r4}
 y - a scroll of immolation {!r!r}
 B - 11 scrolls of vulnerability {!r!r}
 D - 3 scrolls of fog
 N - a scroll of silence {!r}
Potions
 a - a potion of attraction {!q}
 b - a potion of might
 k - a potion of magic
 p - 8 potions of mutation {!q}
 I - 3 potions of brilliance
 L - 4 potions of cancellation
 O - 2 potions of invisibility
 X - a potion of lignification {unknown}
Miscellaneous
 E - a box of beasts (inert)
   (You found it on level 6 of the Lair of Beasts)
 G - a piece from Xom's chessboard (15/15)
   (You found it on level 5 of the Dungeon)

Dungeon Overview and Level Annotations

Branches:
Dungeon (12/15)            Temple (0/1) D:5            Lair (6/6) D:8
 Shoals (0/4) Lair:4       Spider (0/4) Lair:2        Slime (0/5) Lair:6
    Orc (0/2) D:10        Volcano (visited)

Altars:
Ashenzari
Cheibriados
Elyvilon
Hepliaklqana
Sif Muna
Trog
Vehumet
Xom
Yredelemnul
Zin
The Shining One
Lugonu

Shops:
D:5 *   D:8 !

Portals:
Abyss: Lair:6

Annotations:
D:3 2 runed translucent doors
Lair:6 exclusion: oklob plant

, ,,, , ,,
, ,,, * * *
## ** ** ,
###. ## * ,
, .... .#*
≈≈≈ ≈ +#..
#.## , , *
,,*, ,,#...
...# , _ ,
*,
,,*+#.##..#
, *
#.Rp...#* ,
* * ,
##@#.#.#*≈≈
≈ 8 ,
{##+#'# + *
, * ,* #C#
*, ≈ * * ,
, ,..#, , *
* , #+ * ,
* , * * , ,
, ,, ,* + ,
* ,,, * , *
* * *


You could see the friendly Friðuswiþ the knight and a death knight (ally
target).


Message History

Friðuswiþ hits the orc knight but does no damage. 😱 HP[-15] MP[+1]
You take 15 damage, and now have 24/118 hp.
Casting: Vampiric Draining (safe; 1% risk of failure)
Confirm with . or Enter, or press ? or * to list all spells.
Aiming: Vampiric Draining (safe; 1% risk of failure)
Press: ? - help, Shift-Dir - straight line, f/p - orc knight
Aim: an orc knight, wielding a +0 great mace and wearing a +0 chain mail (almost dead, not watching you, ally target)
You draw life force from the orc knight!
You kill the orc knight!
You feel life coursing into your body.
Magical energy flows into your mind! 😱 HP[+5]
You regained 5 hp, and now have 29/118 hp.
You start resting.
You feel a little less mighty now.
You sense a monster nearby. 😱 MP[+10]
You regained 10 mp, and now have 13/25 mp.
Unknown command.
You start resting.
A death knight comes into view.
It is wielding a +0 great sword. 😱 MP[+3]
You regained 3 mp, and now have 16/25 mp.
Casting: Vampiric Draining (safe; 1% risk of failure)
Confirm with . or Enter, or press ? or * to list all spells.
Aiming: Vampiric Draining (safe; 1% risk of failure)
Press: ? - help, Shift-Dir - straight line, f - death knight
Aim: a death knight, wielding a +0 great sword and wearing a +0 chain mail You draw life force from the death knight!
You feel life coursing into your body. The death knight misses you.
Friðuswiþ barely misses the death knight. 😨 HP[+4] MP[-3]
You regained 4 hp, and now have 33/118 hp.
You lost 3 mp, and now have 13/25 mp.
Casting: Vampiric Draining (safe; 1% risk of failure)
Confirm with . or Enter, or press ? or * to list all spells.
Aiming: Vampiric Draining (safe; 1% risk of failure)
Press: ? - help, Shift-Dir - straight line, f/p - death knight
Aim: a death knight, wielding a +0 great sword and wearing a +0 chain mail (lightly wounded, ally target)
You draw life force from the death knight!
You feel life coursing into your body.
The death knight invokes the aid of Yredelemnul against you.
Your body is wracked with pain!
* * * LOW HITPOINT WARNING * * *
Friðuswiþ barely misses the death knight. 😱 HP[-8] MP[-2]
You take 8 damage, and now have 25/118 hp.
You lost 2 mp, and now have 11/25 mp.
Casting: Vampiric Draining (safe; 1% risk of failure)
Confirm with . or Enter, or press ? or * to list all spells.
Aiming: Vampiric Draining (safe; 1% risk of failure)
Press: ? - help, Shift-Dir - straight line, f/p - death knight
Aim: a death knight, wielding a +0 great sword and wearing a +0 chain mail (moderately wounded, ally target)
You draw life force from the death knight!
You feel life coursing into your body. Magical energy flows into your mind!
The death knight hits you but does no damage.
Friðuswiþ hits the death knight but does no damage. 😱 HP[+3]
You regained 3 hp, and now have 28/118 hp.
Casting: Vampiric Draining (safe; 1% risk of failure)
Confirm with . or Enter, or press ? or * to list all spells.
Aiming: Vampiric Draining (safe; 1% risk of failure)
Press: ? - help, Shift-Dir - straight line, f/p - death knight
Aim: a death knight, wielding a +0 great sword and wearing a +0 chain mail (moderately wounded, ally target)
You draw life force from the death knight!
You feel life coursing into your body.
The death knight hits you with a +0 great sword!
* * * LOW HITPOINT WARNING * * *
Friðuswiþ closely misses the death knight. 😱 HP[-7] MP[-2]
You take 7 damage, and now have 21/118 hp.
You lost 2 mp, and now have 9/25 mp.
Casting: Vampiric Draining (safe; 1% risk of failure)
Confirm with . or Enter, or press ? or * to list all spells.
Aiming: Vampiric Draining (safe; 1% risk of failure)
Press: ? - help, Shift-Dir - straight line, f/p - death knight
Aim: a death knight, wielding a +0 great sword and wearing a +0 chain mail (heavily wounded, ally target)
You draw life force from the death knight!
You feel life coursing into your body.
The death knight hits you with a +0 great sword!!
* * * LOW HITPOINT WARNING * * *
Friðuswiþ hits the death knight but does no damage. 😱 HP[-20] MP[-2]
You take 20 damage, and now have 1/118 hp.
You lost 2 mp, and now have 7/25 mp.
Okay, then.
Aiming: Charm
Press: ? - help, Shift-Dir - straight line, f/p - death knight
Aim: a death knight, wielding a +0 great sword and wearing a +0 chain mail (heavily wounded, ally target, chance to affect: 34%)
Okay, then.
Okay, then.
Okay, then.
Press: ? - help, v - describe, . - travel, g - get item
Here: a death knight, wielding a +0 great sword and wearing a +0 chain mail (heavily wounded, ally target)
Items here: ( ) [ †.
The floor, spattered with blood.
Your magical essence is drained by the effort!
You feel much better.
The death knight hits you with a +0 great sword!!
You die...

Skill      XL: |  1  2  3  4  5  6  7  8  9 10 11 12 13 14 |
---------------+-------------------------------------------+-----
Invocations    | 1 2 4 5 7 8 10 | 10.0
Spellcasting   | 2 3 5 6 7 |  7.7
Evocations     | 1 3 5 7 10 15 20 | 20.0
Armour         | 3 4 7 9 11 12 | 12.2
Fighting       | 1 3 5 7 9 10 | 10.1
Necromancy     | 7 8 9 10 | 10.0
Dodging        | 3 7 9 10 | 10.9
Transmutations | 1 |  1.8
Stealth        | |  2.4

Action                   |  1- 3 |  4- 6 |  7- 9 | 10-12 | 13-15 || total
-------------------------+-------+-------+-------+-------+-------++-------
Melee: Unarmed           |     2 |       |       |       |       ||     2
       Dagger            |    12 |       |       |       |       ||    12
       Hand crossbow     |       |       |       |       |     2 ||     2
 Fire: Hand crossbow     |    62 |   142 |   189 |   397 |   520 ||  1310
       Longbow           |       |       |       |    20 |       ||    20
Throw: Dart              |       |       |       |     4 |       ||     4
 Cast: Pain              |    39 |     3 |     6 |     4 |     6 ||    58
       Vampiric Draining |     2 |    16 |    71 |   199 |   318 ||   606
       Death Channel     |       |       |       |     1 |       ||     1
       Dispel Undead     |       |       |       |       |    11 ||    11
       Wereblood         |       |       |       |       |     3 ||     3
Invok: Recall Ancestor   |       |       |     1 |     3 |     5 ||     9
       Ancestor Life: Kn |       |       |     1 |       |       ||     1
 Abil: Heal Wounds       |       |       |       |     2 |     6 ||     8
Evoke: Wand              |       |       |       |     4 |    20 ||    24
       Piece from Xom's  |       |       |       |     4 |       ||     4
       Box of beasts     |       |       |       |       |     1 ||     1
  Use: Potion            |       |     4 |     6 |     7 |     6 ||    23
       Scroll            |       |       |     3 |    12 |    12 ||    27
Armor: Robe              |    18 |    57 |    59 |    64 |   189 ||   387
Dodge: Dodged            |    35 |    80 |   134 |   250 |   655 ||  1154

Levels and vault maps discovered:
D:1:      roderic_octagonal_star, layout_basic, chequers_serial_rivers_micro_c,
          minmay_misc_feat_doors
D:2:      minmay_thinvault, layout_basic
D:3:      layout_basic, nicolae_overflow_crystal_walls, jmf_multi_god_temple2,
          minmay_checkerbox
D:4:      layout_loops_corners, overflow_temple_1_default, enter_ossuary_4,
          uniq_edmund
D:5:      minmay_general_purpose_star, layout_cave_pools, xom_butterflies,
          mainiacjoe_overflow_alcove_1, lemuel_round_altar,
          mainiacjoe_overflow_catch_the_wave, serial_shops,
          nicolae_shop_overgrown_old_shop, hex_tiny, kennysheep_small_square,
          uniq_eustachio, uniq_sigmund
D:6:      layout_gridville
D:7:      layout_cave_pools, mainiacjoe_overflow_alcove_2,
          evilmike_ruin_ashenzari, eino_jars
D:8:      layout_basic, nicolae_overflow_hidden_temple, lair_entry_dummy,
          serial_shops, nicolae_shop_window_shopping, uniq_pikel
D:9:      layout_big_octagon, minivault_1
D:10:     cheibrodos_breeding_chamber, layout_cave_pools, david_orc_2
D:11:     layout_basic, lemuel_blue_sif_altar
D:12:     layout_basic, ebering_ghost_rock_garden, uniq_sonja
D:15:     hangedman_slaughterboxes
Lair:1:   layout_gridlike, beast_lair_carwin_4
Lair:2:   layout_hall_layers, spider_nest_entry_funnel_web, grunt_megastairs_3
Lair:3:   layout_layer_cave, infiniplex_staircase_pool_2
Lair:4:   layout_regular_city, minmay_shoals_entry_centaurs,
          nicolae_volcano_entry_s_turn, grunt_megastairs_5
Lair:5:   slaughterhouse, layout_hall_layers, grunt_megastairs_4
Lair:6:   hellmonk_lair_end_abyssal_woods, layout_loops_ring,
          minmay_slime_entry_oklob_enclosed, nicolae_quartered_pool_little

Notes
Turn   | Place    | Note
-------+----------+-------------------------------------------
     0 | D:1      | spaghetti the Deep Dwarf Necromancer began the quest for
                  | the Orb.
     0 | D:1      | Reached XP level 1. HP: 15/15 MP: 3/3
     0 | D:1      | magus.rc [v1.9.6]
   189 | D:1      | Reached skill level 1 in Invocations
   252 | D:1      | Reached skill level 2 in Spellcasting
   279 | D:1      | Reached XP level 2. HP: 22/22 MP: 3/5
   503 | D:1      | Reached skill level 2 in Invocations
   940 | D:2      | Reached XP level 3. HP: 21/28 MP: 6/6
   944 | D:2      | Learned a level 3 spell: Vampiric Draining
   983 | D:2      | Reached skill level 3 in Invocations
  1267 | D:2      | Reached skill level 4 in Invocations
  1280 | D:2      | Reached XP level 4. HP: 32/36 MP: 7/7
  1784 | D:3      | Found a white marble altar of Elyvilon.
  1855 | D:3      | Reached skill level 1 in Evocations
  1895 | D:3      | You pick up a book of Decay and begin reading...
  1895 | D:3      | You add the spells Corpse Rot, Dispel Undead and Death
                  | Channel to your library.
  1937 | D:3      | Reached XP level 5. HP: 42/42 MP: 5/9
  1959 | D:3      | Reached skill level 2 in Evocations
  1970 | D:3      | Identified the ring of Wonder {rPois rN+ Str+4 Int+4 Dex+3}
  2016 | D:3      | Found a large runed translucent door.
  2018 | D:3      | Found a large runed translucent door.
  2324 | D:3      | Reached skill level 5 in Invocations
  2588 | D:4      | Noticed Edmund
  2597 | D:4      | Killed Edmund
  2598 | D:4      | Reached skill level 3 in Spellcasting
  2598 | D:4      | Reached skill level 3 in Evocations
  2598 | D:4      | Reached XP level 6. HP: 49/49 MP: 1/10
  2736 | D:4      | Found a glowing silver altar of Zin.
  2790 | D:4      | Reached skill level 6 in Invocations
  2790 | D:4      | Reached skill level 4 in Evocations
  3165 | D:4      | You pick up a book of Cantrips and begin reading...
  3165 | D:4      | You add the spells Summon Small Mammal and Apportation to
                  | your library.
  3254 | D:4      | Reached skill level 7 in Invocations
  3254 | D:4      | Reached skill level 5 in Evocations
  3254 | D:4      | Reached XP level 7. HP: 55/55 MP: 6/12
  3304 | D:4      | You pick up a book of Geomancy and begin reading...
  3304 | D:4      | You add the spells Sandblast, Passwall and Stone Arrow to
                  | your library.
  3526 | D:5      | Entered Level 5 of the Dungeon
  3669 | D:5      | You pick up a book of Necromancy and begin reading...
  3717 | D:5      | Noticed Sigmund
  3729 | D:5      | Killed Sigmund
  3730 | D:5      | Reached skill level 8 in Invocations
  3730 | D:5      | Reached skill level 6 in Evocations
  3746 | D:5      | Found a shimmering altar of Xom.
  3762 | D:5      | Found a bloodstained altar of Trog.
  3779 | D:5      | Found Cettoduxu's Assorted Antiques.
  3812 | D:5      | Found a hazy altar of Hepliaklqana.
  3822 | D:5      | Became a worshipper of Hepliaklqana the Forgotten
  3848 | D:5      | Found a glowing golden altar of the Shining One.
  3950 | D:5      | Reached skill level 7 in Evocations
  3986 | D:5      | Found a staircase to the Ecumenical Temple.
  4064 | D:5      | Found a basalt altar of Yredelemnul.
  4129 | D:5      | Reached XP level 8. HP: 47/62 MP: 8/14
  4159 | D:5      | You pick up a book of Fire and begin reading...
  4159 | D:5      | You add the spells Fireball, Starburst and Ignition to your
                  | library.
  4194 | D:5      | Noticed Eustachio
  4215 | D:5      | Killed Eustachio
  4216 | D:5      | Reached skill level 9 in Invocations
  4389 | D:6      | Reached skill level 8 in Evocations
  4559 | D:6      | Reached skill level 10 in Invocations
  4559 | D:6      | Reached skill level 9 in Evocations
  4572 | D:6      | Gained mutation: You expend magic power (3 MP) to
                  | strengthen your wands. [potion of mutation]
  4572 | D:6      | Gained mutation: You passively map the area around you.
                  | [potion of mutation]
  4581 | D:6      | Reached skill level 10 in Evocations
  4588 | D:6      | Mutation became permanent: You passively map a small area
                  | around you. [Deep Dwarf growth]
  4588 | D:6      | Gained mutation: You passively map the area around you.
                  | [Deep Dwarf growth]
  4588 | D:6      | Reached XP level 9. HP: 40/68 MP: 3/16
  4639 | D:6      | Reached skill level 11 in Evocations
  4710 | D:6      | Reached * piety under Hepliaklqana
  5297 | D:7      | Reached skill level 1 in Armour
  5401 | D:7      | Reached ** piety under Hepliaklqana
  5402 | D:7      | Remembered your ancestor Friðuswiþ as a knight
  5423 | D:7      | Reached skill level 1 in Fighting
  5423 | D:7      | Reached skill level 2 in Armour
  5514 | D:7      | Found a broken altar of Ashenzari.
  5515 | D:7      | Lost mutation: You expend magic power (3 MP) to strengthen
                  | your wands. [potion of mutation]
  5515 | D:7      | Gained mutation: Your system is resistant to poisons.
                  | (rPois) [potion of mutation]
  5515 | D:7      | Gained mutation: You have a pair of small antennae on your
                  | head. [potion of mutation]
  5686 | D:7      | Found a snail-covered altar of Cheibriados.
  5785 | D:7      | Reached skill level 12 in Evocations
  5786 | D:7      | Reached skill level 3 in Armour
  5821 | D:7      | Identified a scroll of acquirement
  5822 | D:7      | Acquired a manual of Evocations
  5857 | D:8      | Found a staircase to the Lair.
  5881 | Lair:1   | Entered Level 1 of the Lair of Beasts
  5882 | Lair:1   | Noticed a black mamba
  5886 | Lair:1   | Killed a black mamba
  5887 | Lair:1   | Reached skill level 13 in Evocations
  5910 | Lair:1   | Noticed a polar bear
  5918 | Lair:1   | Killed a polar bear
  5919 | Lair:1   | Reached skill level 14 in Evocations
  5935 | Lair:1   | Noticed a cane toad
  5943 | Lair:1   | Killed a cane toad
  5944 | Lair:1   | Reached skill level 15 in Evocations
  5969 | Lair:1   | HP: 10/64 [yak (13)]
  5971 | Lair:1   | Reached XP level 10. HP: 11/71 MP: 9/17
  5971 | Lair:1   | HP: 4/71 [yak (10)]
  5972 | Lair:1   | Reached skill level 16 in Evocations
  6166 | Lair:1   | Reached skill level 17 in Evocations
  6247 | Lair:1   | Reached skill level 18 in Evocations
  6251 | Lair:1   | Noticed a cane toad
  6263 | Lair:1   | Killed a cane toad
  6346 | Lair:1   | Reached skill level 19 in Evocations
  6528 | Lair:1   | Noticed a cane toad
  6535 | Lair:1   | Killed a cane toad
  6614 | Lair:1   | Reached skill level 20 in Evocations
  6617 | Lair:1   | Reached skill level 2 in Fighting
  6624 | Lair:1   | Reached skill level 4 in Armour
  6634 | Lair:1   | Reached *** piety under Hepliaklqana
  6640 | Lair:1   | Learned a level 4 spell: Animate Dead
  6647 | Lair:1   | Learned a level 6 spell: Death Channel
  6744 | Lair:1   | Reached skill level 3 in Fighting
  6845 | Lair:1   | Reached XP level 11. HP: 81/81 MP: 5/18
  6892 | Lair:2   | Reached skill level 5 in Armour
  6892 | Lair:2   | Reached skill level 5 in Necromancy
  6900 | Lair:2   | Reached skill level 4 in Spellcasting
  6904 | Lair:2   | HP: 17/81 [blink frog (12)]
  6959 | Lair:2   | HP: 16/81 [black mamba (9)]
  7058 | Lair:2   | You pick up a book of Spatial Translocations and begin
                  | reading...
  7058 | Lair:2   | You add the spells Blink, Lesser Beckoning and Manifold
                  | Assault to your library.
  7059 | Lair:2   | Acquired a +5 longbow of freezing
  7236 | Lair:2   | Reached skill level 4 in Fighting
  7251 | Lair:2   | HP: 19/82 [blink frog (11)]
  7316 | Lair:2   | Reached skill level 6 in Necromancy
  7321 | Lair:2   | Reached skill level 6 in Armour
  7403 | Lair:2   | Found a hole to the Spider Nest.
  7497 | Lair:2   | Reached skill level 5 in Spellcasting
  7739 | Lair:2   | Noticed a wolf spider
  7744 | Lair:2   | Killed a wolf spider
  7745 | Lair:2   | Reached skill level 5 in Fighting
  7811 | Lair:3   | Reached skill level 3 in Dodging
  7987 | Lair:3   | You pick up a book of Power and begin reading...
  7987 | Lair:3   | You add the spells Iskenderun's Battlesphere, Iron Shot and
                  | Spellforged Servitor to your library.
  7995 | Lair:3   | Reached skill level 7 in Armour
  7995 | Lair:3   | Reached skill level 7 in Necromancy
  8048 | Lair:3   | Reached XP level 12. HP: 54/92 MP: 1/20
  8052 | Lair:3   | Reached skill level 4 in Dodging
  8106 | Lair:3   | Noticed an eight-headed hydra
  8122 | Lair:3   | Killed an eight-headed hydra
  8176 | Lair:3   | Reached **** piety under Hepliaklqana
  8844 | Lair:4   | Learned a level 4 spell: Dispel Undead
  8934 | Lair:4   | Reached skill level 6 in Fighting
  8988 | Lair:4   | Reached skill level 5 in Dodging
  9097 | Lair:4   | Reached skill level 8 in Armour
  9141 | Lair:4   | Found a dark tunnel.
  9202 | Lair:4   | You add the spells Frozen Ramparts, Simulacrum and
                  | Maxwell's Capacitive Coupling to your library.
  9202 | Lair:4   | Got Borchu's Volume of the Flying Snowflakes
  9241 | Volcano  | Entered a volcano
  9581 | Lair:4   | You pick up a book of Spectacle and begin reading...
  9581 | Lair:4   | You add the spells Dazzling Flash and Iskenderun's Mystic
                  | Blast to your library.
  9659 | Lair:4   | Found a staircase to the Shoals.
  9950 | Lair:5   | Reached skill level 6 in Spellcasting
  9999 | Lair:5   | Noticed a five-headed hydra
 10006 | Lair:5   | Killed a five-headed hydra
 10007 | Lair:5   | Reached skill level 6 in Dodging
 10111 | Lair:5   | You add the spells Ozocubu's Armour and Ozocubu's
                  | Refrigeration to your library.
 10143 | Lair:5   | Noticed a death yak
 10143 | Lair:5   | Noticed a death yak
 10144 | Lair:5   | Noticed a death yak
 10165 | Lair:5   | Noticed a death yak
 10165 | Lair:5   | Noticed a death yak
 10165 | Lair:5   | Noticed a death yak
 10165 | Lair:5   | Noticed a death yak
 10166 | Lair:5   | Noticed a death yak
 10166 | Lair:5   | Noticed a death yak
 10211 | Lair:5   | Noticed a death yak
 10211 | Lair:5   | Noticed a death yak
 10212 | Lair:5   | Noticed a death yak
 10224 | Lair:5   | Killed a death yak
 10225 | Lair:5   | Reached skill level 7 in Fighting
 10231 | Lair:5   | Killed a death yak
 10232 | Lair:5   | Reached skill level 8 in Necromancy
 10233 | Lair:5   | HP: 24/98 [death yak (5)]
 10234 | Lair:5   | Killed a death yak
 10235 | Lair:5   | Reached skill level 9 in Armour
 10293 | Lair:5   | HP: 18/98 [elephant (10)]
 10300 | Lair:6   | Entered Level 6 of the Lair of Beasts
 10308 | Lair:6   | HP: 16/98 [yak (5)]
 10331 | Lair:6   | Reached skill level 7 in Dodging
 10386 | Lair:5   | Reached XP level 13. HP: 82/103 MP: 22/22
 10899 | Lair:6   | Reached ***** piety under Hepliaklqana
 10981 | Lair:6   | Identified the ring "Pukhaut" {Str+6 Dex-2 Slay+3 SInv}
 11036 | Lair:6   | Reached skill level 8 in Fighting
 11054 | Lair:6   | Reached skill level 10 in Armour
 11074 | Lair:6   | Reached skill level 8 in Dodging
 11440 | Lair:6   | HP: 23/106 [death yak (25)]
 11441 | Lair:6   | HP: 5/106 [death yak (12)]
 11551 | D:8      | HP: 21/106 [troll (7)]
 11753 | D:8      | Found Saabrain's Distillery.
 11999 | Lair:5   | Reached skill level 9 in Necromancy
 12004 | Lair:5   | Reached skill level 9 in Dodging
 12004 | Lair:5   | Reached skill level 7 in Spellcasting
 12100 | Lair:6   | You pick up a book of Armaments and begin reading...
 12100 | Lair:6   | You add the spells Animate Armour and Lehudib's Crystal
                  | Spear to your library.
 12383 | Lair:6   | Reached skill level 11 in Armour
 12401 | Lair:6   | Reached skill level 9 in Fighting
 12415 | Lair:6   | Found a corrupted altar of Lugonu.
 12415 | Lair:6   | Found a one-way gate to the infinite horrors of the Abyss.
 12592 | Lair:6   | HP: 27/108 [wyvern (7)]
 12594 | Lair:6   | Gained mutation: You resist negative energy. (rN+) [Deep
                  | Dwarf growth]
 12594 | Lair:6   | Reached XP level 14. HP: 31/116 MP: 24/24
 12844 | D:8      | HP: 27/116 [orc warrior/+0 halberd (9)]
 12966 | D:8      | Noticed Pikel
 12976 | D:8      | Killed Pikel
 13462 | D:8      | Found a radiant altar of Vehumet.
 14154 | D:10     | Entered Level 10 of the Dungeon
 14242 | D:10     | Found a staircase to the Orcish Mines.
 14574 | D:10     | Reached skill level 10 in Dodging
 14671 | D:10     | Noticed a purple very ugly thing
 14683 | D:10     | Killed a purple very ugly thing
 14723 | D:10     | Identified the amulet of the Queen {RegenMP Fly rF+ Dex+4
                  | Stlth+}
 14734 | D:10     | You pick up a book of Minor Magic and begin reading...
 14734 | D:10     | You add the spells Magic Dart, Call Imp and Mephitic Cloud
                  | to your library.
 14822 | D:10     | Acquired the +0 hat of Joomn {rCorr Str+2}
 15331 | D:11     | Reached skill level 12 in Armour
 15452 | D:11     | You pick up a book of Changes and begin reading...
 15452 | D:11     | You add the spells Beastly Appendage, Wereblood and Spider
                  | Form to your library.
 15456 | D:11     | Learned a level 2 spell: Wereblood
 15466 | D:11     | Reached ****** piety under Hepliaklqana
 15786 | D:11     | Identified the +1 dagger "Luoddas" {vorpal, Str+7}
 15795 | D:11     | Found a shimmering blue altar of Sif Muna.
 16097 | D:12     | You pick up a book of Storms and begin reading...
 16097 | D:12     | You add the spells Airstrike, Summon Lightning Spire and
                  | Lightning Bolt to your library.
 16173 | D:12     | You are sucked into a shaft and drop 3 floors!
 16173 | D:15     | Entered Level 15 of the Dungeon
 16198 | D:15     | Reached skill level 1 in Transmutations
 16207 | D:15     | HP: 22/117 [white ugly thing (29)]
 16221 | D:15     | Reached skill level 10 in Fighting
 16223 | D:15     | HP: 28/118 [meliai/divine providence (14)]
 16230 | D:15     | Reached skill level 10 in Necromancy
 16248 | D:15     | HP: 29/118 [orc knight/+0 great mace (6)]
 16286 | D:15     | HP: 24/118 [orc knight/+0 great mace (15)]
 16310 | D:15     | HP: 25/118 [??? (13)]
 16313 | D:15     | HP: 1/118 [death knight/+0 great sword (25)]
 16314 | D:15     | Slain by a death knight

Vanquished Creatures
  2 hydras
  3 two-headed ogres (D:11)
  A boulder beetle (D:11)
  4 death yaks (Lair:5)
  3 thrashing horrors (Lair:6)
  A large abomination (Lair:6)
  An orc knight (D:15)
  Pikel (D:8)
  7 ugly things
  A cyclops (D:15)
  4 elephants
  5 black mambas
  5 cane toads
  A smoke demon (Lair:6)
  A yaktaur (shapeshifter) (D:15)
  2 rime drakes
  8 komodo dragons
  A troll (D:8)
  3 ancient zymes (Lair:6)
  31 blink frogs
  A dream sheep (Lair:2)
  2 wraiths
  Sigmund (D:5)
  26 yaks
  Eustachio (D:5)
  A wyvern (Lair:6)
  3 basilisks
  2 humans (Lair:5)
  A ynoxinul (Lair:6)
  2 vampire mosquitoes (D:12)
  A redback (Lair:2)
  Edmund (D:4)
  4 water moccasins
  An acid dragon (D:9)
  2 small abominations (Lair:6)
  A sky beast (D:5)
  A black bear (D:4)
  An orc warrior (D:8)
  2 centaurs
  4 ogres
  12 wolves
  2 kobold brigands
  5 bullfrogs
  A scorpion (D:6)
  A wight (D:8)
  14 killer bees
  3 howler monkeys
  A hound (D:5)
  A gnoll shaman (D:6)
  4 jellies
  5 orc priests
  4 iguanas
  5 orc wizards
  6 gnolls
  12 adders
  A shadow imp (D:6)
  2 white imps (D:7)
  An ufetubus (D:7)
  3 worms
  26 orcs
  12 ball pythons
  7 bats
  An endoplasm (D:2)
  2 giant cockroaches
  9 goblins
  7 hobgoblins
  A jackal (D:2)
  3 quokkas
  3 frilled lizards
  A goblin zombie (D:4)
  23 kobolds
  6 rats
  A rat zombie (D:4)
328 creatures vanquished.

Vanquished Creatures (collateral kills)
  A very ugly thing (D:10)
  An ogre mage (D:11)
  A hydra (Lair:5)
  3 death yaks
  2 two-headed ogres
  2 wizards (D:10)
  A wolf spider (Lair:2)
  7 ugly things
  2 cyclopes
  10 elephants
  2 black mambas
  A torpor snail (Lair:2)
  4 cane toads
  A gargoyle (D:11)
  A smoke demon (Lair:6)
  3 rime drakes
  2 komodo dragons
  An ancient zyme (Lair:6)
  A meliai (D:15)
  3 trolls
  A polar bear (Lair:1)
  8 blink frogs
  A dream sheep (Lair:2)
  A spriggan (Lair:6)
  A ynoxinul (Lair:6)
  A shadow (D:10)
  A wraith (D:10)
  A wyvern (Lair:3)
  3 basilisks
  A human (Lair:5)
  18 yaks
  A redback (Lair:2)
  2 chaos spawn (Lair:6)
  4 water moccasins
  A large abomination (Lair:6)
  A black bear (D:7)
  3 orc warriors
  An ice beast (D:7)
  7 wolves
  An ogre (D:11)
  3 centaurs
  3 lemures (D:8)
  5 small abominations (Lair:6)
  A kobold brigand (D:7)
  A gnoll sergeant (D:11)
  6 bullfrogs
  10 wights
  6 killer bees
  An electric eel (Lair:6)
  3 howler monkeys (D:9)
  A jelly (D:8)
  3 orc priests
  An iguana (Lair:1)
  2 orc wizards
  4 gnolls (D:11)
  A white imp (D:6)
  5 orcs
  A kobold (D:9)
164 creatures vanquished.

Vanquished Creatures (others)
  A human (Lair:5)
  17 knights
  14 fungi
  13 plants
45 creatures vanquished.

Grand Total: 537 creatures vanquished

Table legend:
 A = Non-vault XP
 B = Vault XP
 C = Vault XP percentage of total XP
 D = Non-vault monster count
 E = Vault monster count
 F = Vault count percentage of total count
                 A         B        C        D         E       F
            +---------+---------+-------+---------+---------+-------
      Total |   61377 |   31336 |  33.8 |     352 |     138 |  28.2
            +---------+---------+-------+---------+---------+-------
        D:1 |      20 |       0 |   0.0 |      12 |       0 |   0.0
        D:2 |      58 |      56 |  49.1 |      20 |      21 |  51.2
        D:3 |      78 |      23 |  22.8 |      16 |       4 |  20.0
        D:4 |     407 |     173 |  29.8 |      14 |       3 |  17.6
        D:5 |     234 |     660 |  73.8 |      10 |       8 |  44.4
        D:6 |    1571 |       0 |   0.0 |      22 |       0 |   0.0
        D:7 |     498 |     381 |  43.3 |      11 |       6 |  35.3
        D:8 |    3651 |     607 |  14.3 |      34 |       1 |   2.9
        D:9 |    2760 |       0 |   0.0 |      25 |       0 |   0.0
       D:10 |    2685 |    5733 |  68.1 |      22 |      16 |  42.1
       D:11 |    7180 |       0 |   0.0 |      31 |       0 |   0.0
       D:12 |    1138 |       0 |   0.0 |       4 |       0 |   0.0
       D:15 |       0 |    5840 | 100.0 |       0 |      11 | 100.0
     Lair:1 |    6914 |      77 |   1.1 |      29 |       2 |   6.5
     Lair:2 |    4118 |    3044 |  42.5 |      19 |      14 |  42.4
     Lair:3 |    5719 |       0 |   0.0 |      21 |       0 |   0.0
     Lair:4 |    4818 |     351 |   6.8 |      20 |       3 |  13.0
     Lair:5 |   11233 |    2051 |  15.4 |      20 |       9 |  31.0
     Lair:6 |    8295 |   11837 |  58.8 |      22 |      39 |  63.9
    Volcano |       0 |     503 | 100.0 |       0 |       1 | 100.0
            +---------+---------+-------+---------+---------+-------

Illustrated notes

Table legend:
 A = Kills in this place as a percentage of kills in entire the game.
 B = Kills by you in this place as a percentage of kills by you in the entire game.
 C = Kills by friends in this place as a percentage of kills by friends in the entire game.
 D = Other kills in this place as a percentage of other kills in the entire game.
 E = Experience gained in this place as a percentage of experience gained in the entire game.
 F = Experience gained in this place divided by the number of levels of this place that you have seen.
                   A       B       C       D       E      F
               +-------+-------+-------+-------+-------+----------------------
         Total | 100.0 | 100.0 | 100.0 | 100.0 | 100.0 | 4635.6
       Dungeon |  59.4 |  65.9 |  46.6 |   0.0 |  36.4 | 2596.4
          Lair |  40.4 |  34.1 |  52.8 | 100.0 |  63.1 | 9742.8
       Volcano |   0.2 |   0.0 |   0.6 |   0.0 |   0.5 | 503.0
               +-------+-------+-------+-------+-------+----------------------

Table legend: (Time is in decaauts)
 A = Elapsed time spent in this place.
 B = Non-inter-level travel time spent in this place.
 C = Inter-level travel time spent in this place.
 D = Time resting spent in this place.
 E = Time spent auto-exploring this place.
 F = Levels seen in this place.
 G = Mean time per level.
                   A        B        C        D        E       F      G
               +--------+--------+--------+--------+--------+-----+--------+
         Total |  16971 |  15962 |   1009 |    466 |  11567 |  20 |  848.5 |
       Dungeon |   9951 |   9397 |    554 |     92 |   7160 |  13 |  765.5 |
          Lair |   6971 |   6517 |    454 |    374 |   4392 |   6 | 1161.8 |
       Volcano |     48 |     48 |      0 |      0 |     15 |   1 |   48.0 |
               +--------+--------+--------+--------+--------+-----+--------+

Top non-repeatable levels by time:
  Lair:6: 1538 daAuts
  Lair:4: 1214 daAuts
     D:8: 1094 daAuts
     D:2: 1088 daAuts
  Lair:5: 1069 daAuts
  Lair:3: 1066 daAuts
  Lair:1: 1065 daAuts
     D:4: 1044 daAuts
  Lair:2: 1016 daAuts
    D:10: 1014 daAuts
     D:6: 956 daAuts
    D:11: 954 daAuts
     D:5: 883 daAuts
     D:3: 836 daAuts
     D:1: 648 daAuts
